 Dungeon Crawl Stone Soup version 0.29.1-1-gd02db6906a (webtiles) character file.

Game seed: 10793706482593026796

63 Earthwalker the Covered (level 3, 0/33 HPs)
             Began as a Minotaur Fighter on Oct 14, 2022.
             Killed by divine providence
             ... invoked by an orc priest
              (10 damage)
             ... on level 2 of the Dungeon.
             The game lasted 00:01:47 (977 turns).

Earthwalker the Covered (Minotaur Fighter)           Turns: 977, Time: 00:01:47

Health: 0/33       AC:  7    Str: 22    XL:     3   Next: 89%
Magic:  2/2        EV:  9    Int:  5    God:
Gold:   93         SH:  4    Dex:  9    Spells: 2/2 levels left

rFire   . . .      SeeInvis .   a - +0 trident
rCold   . . .      Faith    .   c - +0 buckler
rNeg    . . .      Spirit   .   b - +0 scale mail
rPois   .          Reflect  .   (helmet restricted)
rElec   .          Harm     .   (no cloak)
rCorr   .          Rampage  .   (no gloves)
Will    .....                   (no boots)
Stlth   ..........              (no amulet)
HPRegen 0.11/turn               (no ring)
MPRegen 0.08/turn               (no ring)

@: no status effects
A: horns 2, retaliatory headbutt
a: no special abilities


You were on level 2 of the Dungeon.
You visited 1 branch of the dungeon, and saw 2 of its levels.

You collected 93 gold pieces.

Inventory:

Hand Weapons
 a - a +0 trident (weapon)
Missiles
 g - 3 poisoned darts (quivered)
Armour
 b - a +0 scale mail (worn)
 c - a +0 buckler (worn)
Scrolls
 e - a scroll of summoning {unknown}
 i - a scroll of amnesia {unknown}
 j - 3 scrolls of identify {unknown}
 k - a scroll of magic mapping {unknown}
Potions
 d - a potion of might
 f - a potion of lignification {unknown}
 h - 2 potions of heal wounds {unknown}
 l - a potion of resistance {unknown}
 m - a potion of degeneration {unknown}
 n - a potion of attraction {unknown}


   Skills:
 * Level 4.1 Fighting
 * Level 3.1 Polearms
 * Level 4.2 Armour
 * Level 1.5 Dodging
 * Level 4.2 Shields


You had 2 spell levels left.
You didn't know any spells.
Your spell library was empty.

Dungeon Overview and Level Annotations

Branches:
Dungeon (2/15)

Altars:


Innate Abilities, Weirdness & Mutations

You have a pair of horns on your head.
You reflexively headbutt those who attack you in melee.


Message History

You hit something. Something hits you but does no damage.
You barely miss something. Your headbutt misses something.
You hear some strange, mumbled words.
Something tries to affect you, but you resist.
You miss something. You block something's attack.
You miss something. Your headbutt misses something.
You hear some strange, mumbled words.
You are confused.
An orc comes into view. It is wielding a +0 dagger.
An orc priest comes into view. It is wielding a +0 club.
The orc shouts!
The orc priest begins to cast a cantrip, but forgets the words!
Something hits you.
The orc priest shouts!
Something hits you but does no damage.
Things that are here:
a +2 falchion of holy wrath; an orc corpse You closely miss something.
Your headbutt misses something. Something hits you but does no damage.
Something hits you but does no damage.
You feel less confused.
You miss something.
Something hits you but does no damage. x2
You puncture the orc!
You kill the orc!
The orc priest looks encouraged for a moment.
Something hits you.
You barely miss the orc priest. Something hits you.
The orc priest hits you with a +1 mace of protection.
The orc priest hits you with a +0 club.
You are too injured to fight recklessly!
You are too injured to fight recklessly!
You closely miss the orc priest. Something hits you but does no damage.
The orc priest barely misses you. You furiously retaliate!
You headbutt the orc priest, but do no damage.
The orc priest hits you with a +0 club.
You puncture the orc priest!
The orc priest is heavily wounded.
The orc priest calls down the wrath of Beogh upon you.
Beogh smites you!
You die...

#....#..#.. #......
#...#...... $#......
#........... #......
#........... #......
#.......#.o #..##..
........ ##..# #.
#.#..#########...###.
####..oo)...............
#...$.)@.......)........
#.#...{...........#...#.
#?..#....########.......
########## ##....#...
#########..#..###.
#.........###..###
#.........# ##...#
#........## ###..
#....<...# #..


You could see 2 orc priests.

Vanquished Creatures
  2 adders (D:2)
  A worm (D:2)
  A dart slug (D:2)
  4 orcs (D:2)
  3 ball pythons
  3 endoplasms
  3 giant cockroaches
  3 goblins
  3 hobgoblins
  2 kobolds
  2 quokkas
  3 bats (D:1)
  2 frilled lizards (D:1)
  2 rats
34 creatures vanquished.

Notes
Turn   | Place    | Note
-------+----------+-------------------------------------------
     0 | D:1      | Earthwalker the Minotaur Fighter began the quest for the
                  | Orb.
     0 | D:1      | Reached XP level 1. HP: 19/19 MP: 0/0
    13 | D:1      | Found a faded altar of an unknown god.
   310 | D:1      | Reached XP level 2. HP: 27/27 MP: 1/1
   620 | D:2      | Reached skill level 1 in Dodging
   620 | D:2      | Reached XP level 3. HP: 33/33 MP: 2/2
   977 | D:2      | Killed from afar by an orc priest

Illustrated notes

Levels and vault maps discovered:
D:1:      dpeg_arrival_simpleton_c, layout_basic,
          dreamdust_ecumenical_altar_statues
D:2:      cheibrodos_pilgrimage, layout_rooms, minmay_pentomino_z2

Skill      XL: |  1  2  3 |
---------------+----------+-----
Armour         | 4 |  4.2
Dodging        | 1 |  1.5
Shields        | 4 |  4.2
Fighting       | 4 |  4.1
Polearms       | 3 |  3.1

Action                   || total
-------------------------++-------
Melee: Trident           ||    90
       Headbutt          ||     5
Armor: Scale mail        ||    28
Dodge: Dodged            ||    31
Block: Buckler           ||     9
